 Dungeon Crawl Stone Soup version 0.29-a0-284-gf9362112df (webtiles) character file.

Game seed: 16464565533986213217

347 kae the Slasher (level 6, -1/49 HPs)
             Began as a Merfolk Abyssal Knight on Mar 15, 2022.
             Was a Believer of Lugonu.
             Slain by an orc
             ... wielding a +2 hand axe of freezing
              (6 damage)
             ... on level 4 of the Dungeon.
             The game lasted 00:05:52 (8888 turns).

kae the Slasher (Merfolk Abyssal Knight)            Turns: 8888, Time: 00:05:52

Health: -1/49      AC:  3    Str: 20    XL:     6   Next: 59%
Magic:  8/8        EV: 13    Int:  9    God:    Lugonu [**....]
Gold:   199        SH:  0    Dex: 16    Spells: 5/5 levels left

rFire   + . .      SeeInvis .   a - +1 falchion
rCold   + . .      Faith    .   (no shield)
rNeg    . . .      Spirit   .   b - +0 leather armour
rPois   .          Reflect  .   (helmet restricted)
rElec   .          Harm     .   h - scarf {rC+ rF+}
rCorr   .          Rampage  .   (no gloves)
Will    +....                   (no boots)
Stlth   +.........              (no amulet)
HPRegen 0.16/turn               k - ring of willpower
MPRegen 0.11/turn               q - +6 ring of strength

@: no status effects
A: (nimble swimmer 2), mertail, antennae 1
a: Renounce Religion, Depart the Abyss, Bend Space


You were on level 4 of the Dungeon.
You worshipped Lugonu.
Lugonu was pleased with you.
You visited 1 branch of the dungeon, and saw 4 of its levels.
You visited the Abyss 1 time.

You collected 199 gold pieces.

Inventory:

Hand Weapons
 a - a +1 falchion (weapon)
Armour
 b - a +0 leather armour (worn)
 h - a scarf of resistance (worn)
Jewellery
 k - a ring of willpower (left hand)
 q - a +6 ring of strength (right hand)
Wands
 s - a wand of acid (10)
Scrolls
 c - 3 scrolls of identify
 g - 2 scrolls of magic mapping
 m - a scroll of fear
 n - a scroll of summoning {unknown}
 o - a scroll of enchant armour {unknown}
 p - 2 scrolls of teleportation
 r - a scroll of immolation {unknown}
 t - a scroll of holy word {unknown}
Potions
 d - 2 potions of brilliance
 e - a potion of haste
 f - a potion of flight
 j - a potion of invisibility {unknown}
 l - a potion of mutation


   Skills:
 + Level 4.5 Fighting
 * Level 5.4 Long Blades
 - Level 0.6 Armour
 + Level 4.6 Dodging
 + Level 3.7 Invocations


You had 5 spell levels left.
You didn't know any spells.
Your spell library was empty.

Dungeon Overview and Level Annotations

Branches:
Dungeon (4/15)
 Temple: D:4-7

Altars:
Uskayaw

Annotations:
D:4 Eustachio


Innate Abilities, Weirdness & Mutations

((You are very nimble when in or above water. (Stealth+, EV+, Speed+++)))
Your lower body shifts to a powerful aquatic tail in water.
You have a pair of small antennae on your head.


Message History

Where to? (Enter - D:3 @ (x,y), ? - help)
An orc comes into view.
It is wielding a +2 hand axe of freezing.
An orc priest comes into view. It is wielding a +0 hand axe.
An orc comes into view. It is wielding a +0 falchion.
The orc shouts!
The orc priest shouts!
The orc priest invokes the aid of Beogh against you.
Beogh smites you!
The orc throws a boomerang.
The boomerang hits you.
The orc shouts!
The orc priest hits you with a +0 hand axe.
The orc closely misses you. The orc hits you with a +0 falchion.
You hit the orc priest.
The orc priest is moderately wounded.
The orc priest hits you with a +0 hand axe.
The orc closely misses you. The orc hits you but does no damage.
You hit the orc priest.
The orc priest is moderately wounded.
The orc priest calls down the wrath of Beogh upon you.
Beogh smites you!
* * * LOW HITPOINT WARNING * * *
The orc barely misses you. The orc closely misses you.
You completely miss the orc priest.
The orc priest is moderately wounded.
The orc priest closely misses you. The orc closely misses you. x2
You hit the orc priest.
The orc priest is severely wounded.
The orc priest hits you with a +0 hand axe.
* * * LOW HITPOINT WARNING * * *
The orc misses you. The orc hits you with a +0 falchion.
* * * LOW HITPOINT WARNING * * *
You closely miss the orc priest.
The orc priest is severely wounded.
The orc priest calls down the wrath of Beogh upon you.
You resist with some effort. The orc barely misses you.
The orc hits you but does no damage.
It was a potion of mutation.
You feel extremely strange. A pair of antennae grows on your head!
The orc priest hits you with a +0 hand axe.
* * * LOW HITPOINT WARNING * * *
The orc hits you with a +2 hand axe of freezing.
You die...

#.........#..............[.
##..................#......
#.....#.......#...........
##....#................#..
##...#..........#..##.##.
###............#.##.....
##....##.....##....#.....
#.......oo..###.........#
####...).@..## #...#.#...#
##......##.o..# #....##...#
#.......#.....###...##....#
######..###..##.##..#....###....
##.##....##..###.....##..........
#....#..####.##......#..#....#...
#......#...#.##.........#...##...
##..............##.#.........<...
##.............##.##............


You could see an orc priest and 2 orcs.

Vanquished Creatures
  An ogre (D:4)
  An orc priest (D:3)
  A gnoll shaman (D:3)
  7 gnolls
  6 adders
  A worm (D:1)
  A dart slug (D:4)
  5 orcs
  10 ball pythons
  5 bats
  4 endoplasms
  6 giant cockroaches
  A goblin (D:3)
  9 hobgoblins
  2 jackals (D:3)
  4 kobolds
  5 quokkas
  4 frilled lizards
  4 rats
77 creatures vanquished.

Notes
Turn   | Place    | Note
-------+----------+-------------------------------------------
     0 | Abyss:1  | kae the Merfolk Abyssal Knight began the quest for the Orb.
     0 | Abyss:1  | Reached XP level 1. HP: 18/18 MP: 2/2
    92 | Abyss:1  | Found a corrupted altar of Lugonu.
   104 | Abyss:1  | Noticed a large abomination
   105 | D:1      | Escaped the Abyss
   223 | D:1      | Reached ** piety under Lugonu
   224 | D:1      | Reached XP level 2. HP: 8/24 MP: 3/3
   875 | D:1      | Reached skill level 3 in Long Blades
  1406 | D:1      | Found a faded altar of an unknown god.
  2538 | D:2      | Reached XP level 3. HP: 26/29 MP: 4/4
  3821 | D:2      | Reached XP level 4. HP: 31/37 MP: 5/5
  4534 | D:2      | Reached skill level 4 in Long Blades
  5718 | D:3      | Found a hide-covered altar of Uskayaw.
  5774 | D:3      | Reached XP level 5. HP: 42/42 MP: 7/7
  7060 | D:4      | Noticed Eustachio
  7682 | D:4      | Reached skill level 5 in Long Blades
  7682 | D:4      | Reached XP level 6. HP: 30/48 MP: 8/8
  8354 | D:4      | HP: 2/49 [poisoned by an orc]
  8888 | D:4      | Gained mutation: You have a pair of small antennae on your
                  | head. [potion of mutation]
  8888 | D:4      | Slain by an orc

Illustrated notes

Levels and vault maps discovered:
D:1:      heliophobic_arrival_glass_houses, layout_basic,
          ebering_ecumenical_altar_webs
D:2:      layout_basic, hex_medium
D:3:      layout_basic, lemuel_doored_altar, st_stairs_8
D:4:      layout_cave_pools, uniq_eustachio

Skill      XL: |  1  2  3  4  5 |
---------------+----------------+-----
Dodging        | 3 4 |  4.6
Long Blades    | 3 4 5 |  5.4
Fighting       | 4 |  4.5
Invocations    | 3 |  3.7
Armour         | |  0.6

Action                   |  1- 3 |  4- 6 || total
-------------------------+-------+-------++-------
Melee: Falchion          |   109 |   151 ||   260
       Punch             |     1 |     1 ||     2
Invok: Depart the Abyss  |     1 |       ||     1
       Bend Space        |     1 |     1 ||     2
Evoke: Wand              |       |     3 ||     3
  Use: Scroll            |     5 |     1 ||     6
       Potion            |       |     4 ||     4
Armor: Leather armour    |    41 |    22 ||    63
Dodge: Dodged            |   110 |   129 ||   239

Table legend: (Time is in decaauts)
 A = Elapsed time spent in this place.
 B = Non-inter-level travel time spent in this place.
 C = Inter-level travel time spent in this place.
 D = Time resting spent in this place.
 E = Time spent auto-exploring this place.
 F = Levels seen in this place.
 G = Mean time per level.
                   A        B        C        D        E       F      G
               +--------+--------+--------+--------+--------+-----+--------+
         Total |   8895 |   8315 |    580 |   3157 |   3999 |   5 | 1779.0 |
       Dungeon |   8790 |   8210 |    580 |   3157 |   3897 |   4 | 2197.5 |
         Abyss |    105 |    105 |      0 |      0 |    102 |   1 |  105.0 |
               +--------+--------+--------+--------+--------+-----+--------+

Top non-repeatable levels by time:
     D:2: 2896 daAuts
     D:1: 2640 daAuts
     D:3: 2541 daAuts
     D:4: 712 daAuts
 Abyss:1: 105 daAuts
